 Dungeon Crawl Stone Soup version 0.28.0-1-gb440e238dd (webtiles) character file.

Game seed: 2298090434031912608

72 Ablot the Grasshopper (level 4, -2/38 HPs)
             Began as a Gnoll Warper on Feb 26, 2022.
             Slain by a gnoll (5 damage)
             ... on level 3 of the Dungeon.
             The game lasted 00:03:00 (2471 turns).

Ablot the Grasshopper (Gnoll Warper)                Turns: 2471, Time: 00:03:00

Health: -2/38      AC:  4    Str: 12    XL:     4   Next: 26%
Magic:  11/11      EV: 13    Int: 12    God:
Gold:   150        SH:  0    Dex: 12    Spells: 11/13 levels left

rFire   . . .      SeeInvis .   a - +0 spear
rCold   . . .      Faith    .   (no shield)
rNeg    . . .      Spirit   .   b - +0 leather armour
rPois   .          Reflect  .   o - +0 helmet
rElec   .          Harm     .   (no cloak)
rCorr   .          Rampage  .   (no gloves)
Will    +....                   (no boots)
Stlth   +.........              (no amulet)
HPRegen 0.12/turn               g - ring of willpower
MPRegen 0.12/turn               (no ring)

@: no status effects
A: fangs 1, strong nose, distributed training
a: no special abilities


You were on level 3 of the Dungeon.
You visited 1 branch of the dungeon, and saw 3 of its levels.

You collected 150 gold pieces.

Inventory:

Hand Weapons
 a - a +0 spear (weapon)
Missiles
 d - 5 boomerangs of dispersal (quivered)
 e - 37 bolts
 f - 81 stones
 j - 27 arrows
 k - 45 sling bullets
 m - 4 poisoned darts
Armour
 b - a +0 leather armour (worn)
 o - a +0 helmet (worn)
Jewellery
 g - a ring of willpower (left hand)
Wands
 i - a wand of iceblast (7)
Scrolls
 c - a scroll of blinking
 h - 3 scrolls of identify {unknown}
Potions
 l - a potion of lignification {unknown}
 n - a potion of mutation {unknown}


   Skills:
 + Level 4.6 Fighting
 + Level 1.1 Short Blades
 + Level 1.1 Long Blades
 + Level 1.1 Axes
 + Level 1.1 Maces & Flails
 + Level 4.6 Polearms
 + Level 1.1 Staves
 + Level 1.1 Slings
 + Level 1.1 Bows
 + Level 1.1 Crossbows
 + Level 2.7 Throwing
 + Level 2.7 Armour
 + Level 4.6 Dodging
 + Level 1.1 Stealth
 + Level 1.1 Shields
 + Level 1.1 Unarmed Combat
 + Level 5.0 Spellcasting
 + Level 0.8 Conjurations
 + Level 0.8 Hexes
 + Level 0.8 Summonings
 + Level 0.8 Necromancy
 + Level 5.4 Translocations
 + Level 0.8 Transmutations
 + Level 0.8 Fire Magic
 + Level 0.8 Ice Magic
 + Level 0.8 Air Magic
 + Level 0.8 Earth Magic
 + Level 0.8 Poison Magic
 + Level 1.2 Invocations
 + Level 1.1 Evocations


You had 11 spell levels left.
You knew the following spells:

 Your Spells              Type           Power      Damage    Failure   Level
a - Blink                 Tloc           32%        N/A       4%          2

Your spell library contained the following spells:

 Spells                   Type           Power      Damage    Failure   Level
 Gell's Gravitas          Tloc           16%        N/A       8%          3
 Lesser Beckoning         Tloc           16%        N/A       8%          3
 Teleport Other           Tloc           16%        N/A       8%          3
 Freeze                   Ice            20%        1d4       19%         1
 Frozen Ramparts          Ice            10%        1d3       47%         3
 Ozocubu's Armour         Ice            5%         N/A       47%         3
 Manifold Assault         Tloc           16%        N/A       58%         5
 Hailstorm                Conj/Ice       5%         3d4       87%         4
 Ozocubu's Refrigeration  Ice            2%         4d5       100%        7


Dungeon Overview and Level Annotations

Branches:
Dungeon (3/15)

Altars:
Makhleb

Shops:
D:1 [

Annotations:
D:2 1 runed translucent door, 1 exclusion
D:3 1 transporter, Destapler's ghost, amateur DsFi


Innate Abilities, Weirdness & Mutations

You have very sharp teeth.
Your uncanny sense of smell can sniff out nearby items.
Your experience applies equally to all skills.


Message History

The gnoll shouts!
You hear a shout!
The gnoll shouts!
You hear a shout!
Destapler's ghost turns its malevolent gaze towards you.
You hear a shout! x2
You enter the shallow water.
Moving in this stuff is going to be slow.
You enter the shallow water.
Moving in this stuff is going to be slow.
Found a stone staircase leading down.
Partly explored, unvisited transporter.
The gnoll shaman shouts!
You enter the shallow water.
Moving in this stuff is going to be slow.
There is a transporter landing site here.
The gnoll shouts!
The gnoll shouts!
You enter the shallow water.
Moving in this stuff is going to be slow.
You see here a +0 mace.
Destapler's ghost laughs crazily.
There is a transporter here.
You enter the transporter and appear at another place.
There is an open translucent door here.
The gnoll misses you.
You barely miss the gnoll. The gnoll hits you with a +0 flail!
You barely miss the gnoll.
The gnoll shouts!
You hear a shout!
The gnoll closely misses you.
You hit the gnoll. You bite the gnoll, but do no damage.
The gnoll is moderately wounded.
The gnoll shaman hits you with a +0 whip.
You hit the gnoll but do no damage. You bite the gnoll, but do no damage.
The gnoll is moderately wounded.
The gnoll hits you with a +0 flail. The gnoll shaman barely misses you.
You barely miss the gnoll.
The gnoll is moderately wounded.
The gnoll zaps a wand.
The bolt of acid hits you!!
* * * LOW HITPOINT WARNING * * *
The gnoll hits you with a +0 flail.
You die...

.#.#########.###...#...######.###
.......##>............#######.###
..##...........................##
#.##.≈≈≈≈≈≈≈≈≈≈≈≈≈≈≈≈≈≈≈≈≈≈≈≈≈)##
#....≈≈≈≈≈≈≈≈≈≈≈≈≈≈≈≈≈≈≈≈≈≈≈≈≈.#
#.#..≈≈#####...........#####≈≈.##
..##.≈≈#.#.#.###.©.###.#.#g#≈≈.##
.###.≈≈#...###©#####.###.gg#≈≈...
.# #.≈≈###.g...g@g.......###≈≈..#
.###.≈≈.8#.##g###g######.#8.≈≈..#
.....≈≈.##.#P.P#..8#gg$#.##.≈≈..#
.....≈≈.#..'.....©⌠#:.$'..#.≈≈..#
.....≈≈.##.#..P#P.8#).$#.##.≈≈..#
.###.≈≈.8#.##'###'######.#8.≈≈..#
####.≈≈###...............###≈≈..#
.....≈≈#gW.###g#####W###...#≈≈..#
.###.≈≈#g#.#.###.©.###.#.#.#≈≈..#


You could see a gnoll shaman and 4 gnolls.

Vanquished Creatures
  3 adders (D:2)
  5 ball pythons
  9 bats
  3 endoplasms
  2 giant cockroaches
  4 goblins (D:1)
  3 hobgoblins
  4 quokkas
  A frilled lizard (D:2)
  3 kobolds
  5 rats
42 creatures vanquished.

Vanquished Creatures (others)
  2 plants (D:3)
2 creatures vanquished.

Grand Total: 44 creatures vanquished

Notes
Turn   | Place    | Note
-------+----------+-------------------------------------------
     0 | D:1      | Ablot the Gnoll Warper began the quest for the Orb.
     0 | D:1      | Reached XP level 1. HP: 20/20 MP: 6/6
     0 | D:1      | Noticed a merfolk zombie
    13 | D:1      | Noticed a merfolk zombie
    13 | D:1      | Noticed a merfolk zombie
    15 | D:1      | Noticed a demonspawn zombie
    17 | D:1      | Noticed a demonspawn zombie
    35 | D:1      | Found Hetimnis's Armour Boutique.
   198 | D:1      | Reached XP level 2. HP: 25/26 MP: 7/7
   201 | D:1      | Learned a level 2 spell: Blink
   825 | D:2      | Reached XP level 3. HP: 31/31 MP: 9/9
   879 | D:2      | Reached skill level 5 in Spellcasting
  1030 | D:2      | Reached skill level 1 in Invocations
  1065 | D:2      | Reached skill level 1 in Short Blades
  1065 | D:2      | Reached skill level 1 in Long Blades
  1065 | D:2      | Reached skill level 1 in Axes
  1065 | D:2      | Reached skill level 1 in Maces & Flails
  1065 | D:2      | Reached skill level 1 in Staves
  1065 | D:2      | Reached skill level 1 in Slings
  1065 | D:2      | Reached skill level 1 in Bows
  1065 | D:2      | Reached skill level 1 in Crossbows
  1065 | D:2      | Reached skill level 1 in Stealth
  1065 | D:2      | Reached skill level 1 in Shields
  1065 | D:2      | Reached skill level 1 in Unarmed Combat
  1065 | D:2      | Reached skill level 1 in Evocations
  1311 | D:2      | Reached XP level 4. HP: 24/38 MP: 11/11
  1682 | D:2      | Found a burning altar of Makhleb.
  1769 | D:2      | Found a runed translucent door.
  1924 | D:3      | Noticed Destapler's ghost (amateur DsFi)
  2038 | D:3      | Found a transporter.
  2192 | D:3      | Found a transporter.
  2200 | D:3      | Identified the +7 spear of Fuasil {venom, Dex+2}
  2471 | D:3      | Slain by a gnoll

Illustrated notes

Levels and vault maps discovered:
D:1:      shiori_arrival_whats_in_store_for_you, layout_rooms, serial_shops,
          shop, chequers_serial_rivers_micro_a, amcnicky_mini_corridor_feature
D:2:      layout_basic, basic_altar, uniq_crazy_yiuf_cottage
D:3:      layout_rooms, gammafunk_ghost_gnarly_gnolls, kennysheep_path_1

Skill      XL: |  1  2  3 |
---------------+----------+-----
Spellcasting   | 5 |  5.0
Invocations    | 1 |  1.2
Short Blades   | 1 |  1.1
Long Blades    | 1 |  1.1
Axes           | 1 |  1.1
Maces & Flails | 1 |  1.1
Staves         | 1 |  1.1
Slings         | 1 |  1.1
Bows           | 1 |  1.1
Crossbows      | 1 |  1.1
Stealth        | 1 |  1.1
Shields        | 1 |  1.1
Unarmed Combat | 1 |  1.1
Evocations     | 1 |  1.1
Fighting       | |  4.6
Polearms       | |  4.6
Throwing       | |  2.7
Armour         | |  2.7
Dodging        | |  4.6
Conjurations   | |  0.8
Hexes          | |  0.8
Summonings     | |  0.8
Necromancy     | |  0.8
Translocations | |  5.4
Transmutations | |  0.8
Fire Magic     | |  0.8
Ice Magic      | |  0.8
Air Magic      | |  0.8
Earth Magic    | |  0.8
Poison Magic   | |  0.8

Action                   |  1- 3 |  4- 6 || total
-------------------------+-------+-------++-------
Melee: Spear             |   158 |    51 ||   209
       Bite              |     9 |     6 ||    15
       Punch             |     3 |       ||     3
 Stab: Sleeping          |     4 |       ||     4
Armor: Leather armour    |    31 |     8 ||    39
Dodge: Dodged            |    69 |    31 ||   100
